 Dungeon Crawl Stone Soup version 0.30-a0-726-gd89dcf765f (webtiles) character file.

Game seed: 12437036823732035246

32 jimonade the Shooter (level 3, -7/20 HPs)
             Began as a Deep Elf Hunter on Jan 29, 2023.
             Mangled by Jessica
             ... wielding a +6 club
              (9 damage)
             ... on level 1 of the Dungeon.
             The game lasted 00:01:14 (1051 turns).

jimonade the Shooter (Deep Elf Hunter)              Turns: 1051, Time: 00:01:15

Health: -7/20      AC:  3    Str:  8    XL:     3   Next: 8%
Magic:  5/5        EV: 12    Int: 13    God:
Gold:   50         SH:  0    Dex: 20    Spells: 2/2 levels left

rFire   . . .      SeeInvis .    a - +0 shortbow
rCold   . . .      Faith    .    (shield currently unavailable)
rNeg    . . .      Spirit   .    c - +0 leather armour
rPois   .          Reflect  .    (no helmet)
rElec   .          Harm     .    (no cloak)
rCorr   .          Rampage  .    (no gloves)
Will    .....                    (no boots)
Stlth   ++                       (no amulet)
HPRegen 0.23/turn                (no ring)
MPRegen 0.09/turn                (no ring)

@: no status effects
A: no striking features
a: no special abilities


You were on level 1 of the Dungeon.
You visited 1 branch of the dungeon, and saw 2 of its levels.

You collected 50 gold pieces.

Inventory:

Hand Weapons
 a - a +0 shortbow (weapon)
Missiles
 i - 2 poisoned darts
Armour
 c - a +0 leather armour (worn)
 d - a +0 kite shield
Jewellery
 e - a +5 ring of evasion
Scrolls
 b - a scroll of immolation
Potions
 f - a potion of curing


   Skills:
 - Level 1.5 Fighting
 + Level 6.7 Ranged Weapons
 - Level 2.4 Dodging
 - Level 1.2 Stealth


You had 2 spell levels left.
You didn't know any spells.
Your spell library contained the following spells:

 Spells                   Type           Power      Damage    Failure   Level
 Summon Small Mammal      Summ           0%         N/A       41%         1
 Call Canine Familiar     Summ           0%         N/A       80%         3
 Summon Guardian Golem    Hex/Summ       0%         N/A       80%         3


Dungeon Overview and Level Annotations

Branches:
Dungeon (2/15)

Altars:

Annotations:
D:1 Jessica


Message History

As you read the scroll labelled BOHUHAOSCHO, it crumbles to dust.
Your body is wracked with pain!
It was a scroll of torment.
You see here a +0 leather armour.
There is an open door here.
There is a stone staircase leading down here.
You climb downwards.
There is a stone staircase leading up here.
You shoot an arrow. The arrow hits the kobold.
You kill the kobold!
You hear a shout!
You hear an angry hiss.
Jessica shouts!
Jessica gestures wildly while chanting.
Jessica seems to speed up.
There is a stone staircase leading up here.
You shoot an arrow. The arrow hits Jessica.
Jessica is heavily wounded.
A bat comes into view.
A giant cockroach comes into view.
Jessica misses you. The bat misses you.
Jessica points at you and mumbles some strange words.
Pain shoots through your body!
Ouch! That really hurt!
* * * LOW HITPOINT WARNING * * *
The bat hits you but does no damage.
You climb upwards.
There is a stone staircase leading down here.
You are too injured to fight recklessly!
Fire: a) +0 shortbow
Press: ? - help, Q - select action, (/) - cycle Shift-Dir - straight line, f - Jessica
Aim: Jessica, wielding a +6 club and wearing a +0 robe (heavily wounded, fast, 65% to hit)
You shoot an arrow. The arrow barely misses Jessica.
Jessica hits you with a +6 club.
* * * LOW HITPOINT WARNING * * *
Jessica barely misses you.
Fire: a) +0 shortbow
Press: ? - help, Q - select action, (/) - cycle Shift-Dir - straight line, f/p - Jessica
Aim: Jessica, wielding a +6 club and wearing a +0 robe (heavily wounded, fast, 65% to hit)
You shoot an arrow. The arrow closely misses Jessica.
Jessica completely misses you. Jessica hits you with a +6 club!
You die...

.......#....................'..##
.#.........##########.......#####
.....###....# ##......# ##.###
#.#..# ####......# ...#
#.#..#######....###### ####
#.#....##.#..#### ...#
#.#.##..#...## ##.#
#.#.###.#..######## #.# #.#.#
#..@.##.....# ##.###
#.#.#####@###.....####
.....###.#.....#.##.........####
##.#.....#####.#..'............#
#..#...........#..#.........##.#
...#....########).#.........##.##
#.......+..#####..#.###.....##...
#..#....#......#..#.# ###.#.##..#
#..#.#............#.# #.#.....#


You could see Jessica (fast).

Vanquished Creatures
  A gnoll (D:1)
  4 endoplasms (D:1)
  A giant cockroach (D:1)
  3 goblins (D:1)
  A hobgoblin (D:1)
  2 quokkas (D:1)
  2 ball pythons (D:1)
  A bat (D:1)
  2 frilled lizards (D:1)
  3 kobolds
  2 rats (D:1)
22 creatures vanquished.

Notes
Turn   | Place    | Note
-------+----------+-------------------------------------------
     0 | D:1      | jimonade the Deep Elf Hunter began the quest for the Orb.
     0 | D:1      | Reached XP level 1. HP: 12/12 MP: 3/3
   122 | D:1      | Reached XP level 2. HP: 16/16 MP: 4/4
   123 | D:1      | Reached skill level 6 in Ranged Weapons
   637 | D:1      | Reached XP level 3. HP: 20/20 MP: 5/5
  1043 | D:2      | Noticed Jessica
  1050 | D:1      | HP: 1/20 [Jessica/+6 club (5)]
  1051 | D:1      | Mangled by Jessica

Illustrated notes

Levels and vault maps discovered:
D:1:      dpeg_arrival_round_c, layout_basic, minmay_vboxes
D:2:      layout_loops_ring, hellmonk_ecumenical_altar_leap_of_faith,
          uniq_jessica

Skill      XL: |  1  2 |
---------------+-------+-----
Ranged Weapons | 6 |  6.7
Fighting       | |  1.5
Dodging        | |  2.4
Stealth        | |  1.2

Action                     || total
---------------------------++-------
   Fire: Shortbow          ||    54
    Use: Scroll            ||     2
 Armour: Leather armour    ||     4
  Dodge: Dodged            ||     7

Table legend: (Time is in decaauts)
 A = Elapsed time spent in this place.
 B = Non-inter-level travel time spent in this place.
 C = Inter-level travel time spent in this place.
 D = Time resting spent in this place.
 E = Time spent auto-exploring this place.
 F = Levels seen in this place.
 G = Mean time per level.
                   A        B        C        D        E       F      G
               +--------+--------+--------+--------+--------+-----+--------+
         Total |   1065 |    981 |     84 |      0 |    856 |   2 |  532.5 |
       Dungeon |   1065 |    981 |     84 |      0 |    856 |   2 |  532.5 |
               +--------+--------+--------+--------+--------+-----+--------+

Top non-repeatable levels by time:
     D:1: 1058 daAuts
     D:2: 6 daAuts
